 Dungeon Crawl Stone Soup version 0.29-a0-563-g64e4043184 (webtiles) character file.

Game seed: 15047990147852997954

486 Crownlay the Grave Robber (level 7, 0/50 HPs)
             Began as a Gnoll Necromancer on June 11, 2022.
             Slain by a ball python (1 damage)
             ... on level 4 of the Dungeon.
             The game lasted 00:06:35 (3561 turns).

Crownlay the Grave Robber (Gnoll Necromancer)       Turns: 3561, Time: 00:06:35

Health: 0/50       AC: 11    Str:  7    XL:     7   Next: 13%
Magic:  15/15      EV: 10    Int: 17    God:
Gold:   128        SH:  0    Dex: 12    Spells: 12/17 levels left

rFire   . . .      SeeInvis .   f - +0 dagger (protect)
rCold   . . .      Faith    .   (no shield)
rNeg    . . .      Spirit   .   a - +0 robe
rPois   .          Reflect  .   (no helmet)
rElec   .          Harm     .   (no cloak)
rCorr   .          Rampage  .   (no gloves)
Will    +....                   (no boots)
Stlth   +++.......              (no amulet)
HPRegen 0.16/turn               (no ring)
MPRegen 0.14/turn               (no ring)

@: under a protective aura, constricted
A: fangs 1, strong nose, distributed training, iridescent scales 1,
strong-willed 1, screaming 1
a: no special abilities


You were on level 4 of the Dungeon.
You visited 1 branch of the dungeon, and saw 5 of its levels.

You collected 128 gold pieces.

Inventory:

Hand Weapons
 f - a +0 dagger of protection (weapon)
Armour
 a - a +0 robe (worn)
Jewellery
 p - a ring of poison resistance
Scrolls
 c - 2 scrolls of fog
 e - a scroll of enchant weapon {unknown}
 g - 2 scrolls of identify
 j - a scroll of magic mapping {unknown}
 k - a scroll of fear {unknown}
 m - a scroll of amnesia {unknown}
 o - a scroll of torment {unknown}
 q - a scroll of poison
Potions
 b - a potion of magic
 i - a potion of resistance {unknown}
 l - a potion of degeneration {unknown}
 r - a potion of lignification
 s - a potion of ambrosia {unknown}
 t - a potion of heal wounds {unknown}


   Skills:
 + Level 2.3 Fighting
 + Level 2.3 Short Blades
 + Level 2.3 Long Blades
 + Level 2.3 Axes
 + Level 2.3 Maces & Flails
 + Level 2.3 Polearms
 + Level 2.3 Staves
 + Level 2.3 Slings
 + Level 2.3 Bows
 + Level 2.3 Crossbows
 + Level 2.3 Throwing
 + Level 2.3 Armour
 + Level 5.1 Dodging
 + Level 4.8 Stealth
 + Level 2.3 Shields
 + Level 2.3 Unarmed Combat
 + Level 5.5 Spellcasting
 + Level 1.8 Conjurations
 + Level 1.8 Hexes
 + Level 1.8 Summonings
 + Level 7.3 Necromancy
 + Level 1.8 Translocations
 + Level 1.8 Transmutations
 + Level 1.8 Fire Magic
 + Level 1.8 Ice Magic
 + Level 1.8 Air Magic
 + Level 1.8 Earth Magic
 + Level 1.8 Poison Magic
 + Level 2.5 Invocations
 + Level 2.3 Evocations


You had 12 spell levels left.
You knew the following spells:

 Your Spells              Type           Power      Damage    Failure   Level
a - Necrotize             Necr           100%       1d9       1%          1
b - Animate Dead          Necr           29%        N/A       6%          4

Your spell library contained the following spells:

 Spells                   Type           Power      Damage    Failure   Level
 Vampiric Draining        Necr           29%        2d8       1%          3
 Dispel Undead            Necr           29%        3d13      6%          4
 Agony                    Necr           29%        N/A       19%         5
 Corpse Rot               Necr/Pois/Air  17%        N/A       28%         4
 Death Channel            Necr           14%        N/A       69%         6


Dungeon Overview and Level Annotations

Branches:
Dungeon (5/15)
 Temple: D:4-7

Altars:
Yredelemnul

Annotations:
D:4 Edmund


Innate Abilities, Weirdness & Mutations

You have very sharp teeth.
Your uncanny sense of smell can sniff out nearby items.
Your experience applies equally to all skills.
You are partially covered in iridescent scales. (AC +2)
You are strong-willed. (Will+)
You occasionally shout uncontrollably at your foes.


Message History

Menkaure is severely damaged.
Menkaure hits you.
* * * LOW HITPOINT WARNING * * *
The ball python bites you but does no damage.
The ball python constricts you.
You hit Menkaure.
Menkaure is almost destroyed.
Menkaure hits you but does no damage.
The ball python bites you but does no damage.
The ball python constricts you.
You hit Menkaure.
You destroy Menkaure!
The ball python bites you but does no damage.
The ball python constricts you.
You have reached level 7!
It was a potion of flight.
Your roots keep you in place.
The ball python bites you but does no damage.
The ball python constricts you.
* * * LOW HITPOINT WARNING * * *
Edmund hits you with a +2 vorpal dire flail.
* * * LOW HITPOINT WARNING * * *
x2
Okay, then.
It was a potion of cancellation.
Your magical effects are unravelling.
You feel magically purged.
You feel less wooden.
Your +0 robe unmelds from your body.
The ball python barely misses you. The ball python constricts you.
Edmund zaps a wand.
You resist with almost no effort.
Really read the scroll of poison?
The air fills with toxic fumes!
As you read the scroll of poison, it crumbles to dust.
The ball python bites you but does no damage.
The ball python constricts you.
* * * LOW HITPOINT WARNING * * *
Edmund says, "I'm quite good with sums, too."
Edmund hits you with a +2 vorpal dire flail.
* * * LOW HITPOINT WARNING * * *
x2 The ball python bites you.
You die...

# #.#
#§§§#############
#.#§§§§@§§§##...#
§§§§§§S@##§##.P.#
§§§####§##.#....#
# #§##.#.._.#
##§#.#.....#
#§#§###..P.#
...>...###.###...#
.....#Z .###.#..#
M##. #. #.#.###.##


You could see Edmund and a ball python.

Vanquished Creatures
  Menkaure (D:4)
  A phantom (D:5)
  3 scorpions
  An iguana (D:5)
  2 adders
  A dart slug (D:2)
  An orc (D:5)
  7 ball pythons
  3 bats
  4 endoplasms
  5 giant cockroaches (D:1)
  7 goblins
  5 hobgoblins
  5 jackals
  4 quokkas
  4 frilled lizards
  7 kobolds
  10 rats
71 creatures vanquished.

Vanquished Creatures (collateral kills)
  A goblin (D:1)
  2 jackals
3 creatures vanquished.

Grand Total: 74 creatures vanquished

Notes
Turn   | Place    | Note
-------+----------+-------------------------------------------
     0 | D:1      | Crownlay the Gnoll Necromancer began the quest for the Orb.
     0 | D:1      | Reached XP level 1. HP: 13/13 MP: 6/6
    59 | D:1      | Reached XP level 2. HP: 7/19 MP: 0/7
   707 | D:1      | Reached XP level 3. HP: 25/25 MP: 7/9
   788 | D:1      | Reached skill level 5 in Spellcasting
  1094 | D:1      | Reached skill level 1 in Invocations
  1367 | D:2      | Reached skill level 1 in Fighting
  1367 | D:2      | Reached skill level 1 in Short Blades
  1367 | D:2      | Reached skill level 1 in Long Blades
  1367 | D:2      | Reached skill level 1 in Axes
  1367 | D:2      | Reached skill level 1 in Maces & Flails
  1367 | D:2      | Reached skill level 1 in Polearms
  1367 | D:2      | Reached skill level 1 in Staves
  1367 | D:2      | Reached skill level 1 in Slings
  1367 | D:2      | Reached skill level 1 in Bows
  1367 | D:2      | Reached skill level 1 in Crossbows
  1367 | D:2      | Reached skill level 1 in Throwing
  1367 | D:2      | Reached skill level 1 in Armour
  1367 | D:2      | Reached skill level 1 in Shields
  1367 | D:2      | Reached skill level 1 in Unarmed Combat
  1367 | D:2      | Reached skill level 1 in Evocations
  1367 | D:2      | Reached XP level 4. HP: 32/32 MP: 7/11
  1424 | D:2      | Learned a level 4 spell: Animate Dead
  2033 | D:2      | Found a faded altar of an unknown god.
  2549 | D:3      | You fall into a shaft and drop 2 floors!
  2549 | D:5      | Entered Level 5 of the Dungeon
  2552 | D:5      | Noticed a scorpion
  2558 | D:5      | Killed a scorpion
  2559 | D:5      | Reached skill level 1 in Conjurations
  2559 | D:5      | Reached skill level 1 in Hexes
  2559 | D:5      | Reached skill level 1 in Summonings
  2559 | D:5      | Reached skill level 1 in Translocations
  2559 | D:5      | Reached skill level 1 in Transmutations
  2559 | D:5      | Reached skill level 1 in Fire Magic
  2559 | D:5      | Reached skill level 1 in Ice Magic
  2559 | D:5      | Reached skill level 1 in Air Magic
  2559 | D:5      | Reached skill level 1 in Earth Magic
  2559 | D:5      | Reached skill level 1 in Poison Magic
  2559 | D:5      | Reached XP level 5. HP: 37/37 MP: 7/12
  2669 | D:5      | Noticed a phantom
  2696 | D:5      | Gained mutation: You occasionally shout uncontrollably at
                  | your foes. [potion of mutation]
  2696 | D:5      | Gained mutation: You are dopey. (Int -2) [potion of
                  | mutation]
  2696 | D:5      | Gained mutation: You are partially covered in iridescent
                  | scales. (AC +2) [potion of mutation]
  2696 | D:5      | Gained mutation: Your muscles are strong. (Str +2) [potion
                  | of mutation]
  2735 | D:5      | Killed a phantom
  2737 | D:5      | Lost mutation: Your muscles are strong. (Str +2) [potion of
                  | mutation]
  2737 | D:5      | Lost mutation: You are dopey. (Int -2) [potion of mutation]
  2737 | D:5      | Gained mutation: You are frail. (-10% HP) [potion of
                  | mutation]
  2737 | D:5      | Gained mutation: You are strong-willed. (Will+) [potion of
                  | mutation]
  2737 | D:5      | Lost mutation: You are frail. (-10% HP) [potion of
                  | mutation]
  3068 | D:5      | Reached XP level 6. HP: 19/44 MP: 8/13
  3291 | D:5      | Reached skill level 5 in Dodging
  3490 | D:4      | Found a basalt altar of Yredelemnul.
  3515 | D:4      | Noticed Menkaure
  3553 | D:4      | Noticed Edmund
  3558 | D:4      | Killed Menkaure
  3559 | D:4      | Reached XP level 7. HP: 18/50 MP: 15/15
  3561 | D:4      | HP: 2/50 [Edmund/+2 vorpal dire flail (3)]
  3561 | D:4      | Slain by a ball python

Illustrated notes

Levels and vault maps discovered:
D:1:      dpeg_arrival_windows_large_door, layout_basic
D:2:      layout_basic, dilly_ecumenical_altar_fadedgnrine
D:3:      layout_basic, grunt_gozag_statues
D:4:      layout_loops_ring, mainiacjoe_overflow_tiny_flanked, fedhas_altar_4,
          ebering_ghost_disaster_area, minivault_26, kennysheep_boxes,
          uniq_edmund, uniq_grinder, uniq_menkaure
D:5:      layout_loops_ring, doesnt_xom_only_xom, uniq_blork_the_orc

Skill      XL: |  1  2  3  4  5  6 |
---------------+-------------------+-----
Spellcasting   | 5 |  5.5
Invocations    | 1 2 |  2.5
Fighting       | 1 2 |  2.3
Short Blades   | 1 2 |  2.3
Long Blades    | 1 2 |  2.3
Axes           | 1 2 |  2.3
Maces & Flails | 1 2 |  2.3
Polearms       | 1 2 |  2.3
Staves         | 1 2 |  2.3
Slings         | 1 2 |  2.3
Bows           | 1 2 |  2.3
Crossbows      | 1 2 |  2.3
Throwing       | 1 2 |  2.3
Armour         | 1 2 |  2.3
Shields        | 1 2 |  2.3
Unarmed Combat | 1 2 |  2.3
Evocations     | 1 2 |  2.3
Conjurations   | 1 |  1.8
Hexes          | 1 |  1.8
Summonings     | 1 |  1.8
Translocations | 1 |  1.8
Transmutations | 1 |  1.8
Fire Magic     | 1 |  1.8
Ice Magic      | 1 |  1.8
Air Magic      | 1 |  1.8
Earth Magic    | 1 |  1.8
Poison Magic   | 1 |  1.8
Dodging        | 5 |  5.1
Stealth        | |  4.8
Necromancy     | |  7.3

Action                   |  1- 3 |  4- 6 |  7- 9 || total
-------------------------+-------+-------+-------++-------
Melee: Unarmed           |    14 |       |       ||    14
       Bite              |     2 |     6 |       ||     8
       Dagger            |     1 |   116 |       ||   117
       Punch             |       |     4 |       ||     4
 Cast: Necrotize         |    62 |    59 |       ||   121
       Animate Dead      |       |     1 |       ||     1
  Use: Scroll            |       |     2 |     1 ||     3
       Potion            |       |     4 |     2 ||     6
Armor: Robe              |     9 |    21 |     1 ||    31
       Skin              |       |    48 |     1 ||    49
Dodge: Dodged            |    41 |    46 |     1 ||    88

Table legend: (Time is in decaauts)
 A = Elapsed time spent in this place.
 B = Non-inter-level travel time spent in this place.
 C = Inter-level travel time spent in this place.
 D = Time resting spent in this place.
 E = Time spent auto-exploring this place.
 F = Levels seen in this place.
 G = Mean time per level.
                   A        B        C        D        E       F      G
               +--------+--------+--------+--------+--------+-----+--------+
         Total |   3551 |   3539 |     12 |    100 |   2984 |   5 |  710.2 |
       Dungeon |   3551 |   3539 |     12 |    100 |   2984 |   5 |  710.2 |
               +--------+--------+--------+--------+--------+-----+--------+

Top non-repeatable levels by time:
     D:2: 1270 daAuts
     D:1: 1201 daAuts
     D:5: 780 daAuts
     D:4: 223 daAuts
     D:3: 75 daAuts
